 Dungeon Crawl Stone Soup version 0.29-a0-333-gb4c28e87c6 (webtiles) character file.

Game seed: 3568222508595908509

8 Jortsu the Skirmisher (level 2, 23/24 HPs)
             Began as a Demonspawn Fighter on Apr 13, 2022.
             Quit the game on level 1 of the Dungeon.
             The game lasted 00:00:23 (103 turns).

Jortsu the Skirmisher (Demonspawn Fighter)           Turns: 103, Time: 00:00:23

Health: 23/24      AC:  6    Str: 16    XL:     2   Next: 0%
Magic:  2/2        EV:  8    Int:  9    God:
Gold:   17         SH:  4    Dex: 12    Spells: 1/1 levels left

rFire   . . .      SeeInvis .   a - +0 war axe
rCold   . . .      Faith    .   c - +0 buckler
rNeg    . . .      Spirit   .   b - +0 scale mail
rPois   .          Reflect  .   (no helmet)
rElec   .          Harm     .   (no cloak)
rCorr   .          Rampage  .   (no gloves)
Will    .....                   (no boots)
Stlth   ..........              (no amulet)
HPRegen 0.08/turn               (no ring)
MPRegen 0.08/turn               (no ring)

@: no status effects
A: claws 1
a: no special abilities


You were on level 1 of the Dungeon.
You visited 1 branch of the dungeon, and saw 1 of its levels.

You collected 17 gold pieces.

Inventory:

Hand Weapons
 a - a +0 war axe (weapon)
Armour
 b - a +0 scale mail (worn)
 c - a +0 buckler (worn)
Potions
 d - a potion of might
 e - a potion of lignification {unknown}
 f - 2 potions of curing {unknown}


   Skills:
 + Level 3.2 Fighting
 + Level 1.8 Axes
 + Level 2.8 Armour
 + Level 2.8 Shields


You had one spell level left.
You didn't know any spells.
Your spell library contained the following spells:

 Spells                   Type           Power      Damage    Failure   Level
 Blink                    Tloc           0%         N/A       96%         2
 Manifold Assault         Tloc           0%         N/A       100%        5
 Storm Form               Tmut/Air       0%         N/A       100%        7


Dungeon Overview and Level Annotations

Branches:
Dungeon (1/15)

Altars:


Innate Abilities, Weirdness & Mutations

You have sharp fingernails.


Message History

There are no items here.
You see here 10 gold pieces.
There are no items here.
You see here 10 gold pieces.
You now have 10 gold pieces.
The endoplasm barely misses you.
You slash the endoplasm!
You kill the endoplasm!
A bat comes into view.
You see here 7 gold pieces.
Found 27 stones.
The bat hits you but does no damage. The bat hits you but does no damage.
The bat closely misses you.
Found a fizzy brown potion.
The bat hits you but does no damage.
You now have 17 gold pieces (gained 7).
A bat and a frilled lizard come into view.
The bat hits you but does no damage. The bat hits you but does no damage.
The frilled lizard barely misses you.
You slash the frilled lizard!
You kill the frilled lizard!
You hit the bat but do no damage. The bat completely misses you.
The bat closely misses you. The bat hits you but does no damage.
You completely miss the bat. You block the bat's attack.
The bat hits you but does no damage. x2
The bat hits you but does no damage.
You completely miss the bat. The bat barely misses you.
The bat closely misses you. The bat hits you but does no damage.
A bat comes into view.
The bat hits you. The bat hits you but does no damage.
The bat hits you but does no damage. The bat barely misses you.
The bat closely misses you.
You slash the bat!
You kill the bat!
You slash the bat!
You kill the bat!
You have reached level 2!
Your demonic ancestry asserts itself...
Your fingernails lengthen.
Are you sure you want to abandon this character and quit the game? (Confirm with "yes".)

...# ... ... #
#...# #.#. #..
#†# #.#
######@##
.........#
#######..# #..#
# ######..#.#
#.# #.......#.#
#.# #.#####...#
#.# #.......###
#.#
#.#####..(.....


There were no monsters in sight!

Vanquished Creatures
  A dart slug (D:1)
  An endoplasm (D:1)
  A goblin (D:1)
  2 bats (D:1)
  A frilled lizard (D:1)
6 creatures vanquished.

Notes
Turn   | Place    | Note
-------+----------+-------------------------------------------
     0 | D:1      | Jortsu the Demonspawn Fighter began the quest for the Orb.
     0 | D:1      | Reached XP level 1. HP: 18/18 MP: 1/1
   102 | D:1      | Gained mutation: You have sharp fingernails. [demonic
                  | ancestry]
   102 | D:1      | Reached XP level 2. HP: 23/24 MP: 2/2
   103 | D:1      | Quit the game

Illustrated notes

Levels and vault maps discovered:
D:1:      dpeg_arrival_shrine, layout_loops_ring

Action                   || total
-------------------------++-------
Melee: War axe           ||    11
Armor: Scale mail        ||    15
Dodge: Dodged            ||    12
Block: Buckler           ||     2

Table legend: (Time is in decaauts)
 A = Elapsed time spent in this place.
 B = Non-inter-level travel time spent in this place.
 C = Inter-level travel time spent in this place.
 D = Time resting spent in this place.
 E = Time spent auto-exploring this place.
 F = Levels seen in this place.
 G = Mean time per level.
                   A        B        C        D        E       F      G
               +--------+--------+--------+--------+--------+-----+--------+
         Total |    108 |    108 |      0 |      0 |     41 |   1 |  108.0 |
       Dungeon |    108 |    108 |      0 |      0 |     41 |   1 |  108.0 |
               +--------+--------+--------+--------+--------+-----+--------+

Top non-repeatable levels by time:
     D:1: 108 daAuts
